 Dungeon Crawl Stone Soup version 0.30.0-10-gfe55d96785 (webtiles) character file.

Game seed: 1630318000636646268

551 GigaChad the Chopper (level 7, -5/55 HPs)
             Began as a Formicid Fighter on May 16, 2023.
             Was a Believer of Makhleb.
             Slain by a lemure (6 damage)
             ... led by Pikel
             ... on level 4 of the Dungeon.
             The game lasted 00:03:52 (2776 turns).

GigaChad the Chopper (Formicid Fighter)             Turns: 2776, Time: 00:03:52

Health: -5/55      AC:  9    Str: 23    XL:     7   Next: 54%
Magic:  7/7        EV:  8    Int:  7    God:    Makhleb [**....]
Gold:   121        SH:  5    Dex: 13    Spells: 6/6 levels left

rFire   . . .        a - +2 war axe
rCold   . . .        c - +0 buckler
rNeg    . . .        m - +0 chain mail
rPois   .            (helmet unavailable)
rElec   .            (no cloak)
rCorr   .            (no gloves)
SInv    +            (no boots)
Will    .....        (no amulet) Stlth
                     (no ring)
HPRegen 0.29/turn    (no ring)
MPRegen 0.10/turn

%: no passive effects
@: no status effects
A: permanent stasis, dig shafts and tunnels, antennae 3, four strong arms
a: Dig, Shaft Self, Renounce Religion, Minor Destruction


You were on level 4 of the Dungeon.
You worshipped Makhleb.
Makhleb was pleased with you.
You visited 1 branch of the dungeon, and saw 4 of its levels.

You collected 121 gold pieces.

Inventory:

Hand Weapons
 a - a +2 war axe (weapon)
Missiles
 p - 2 throwing nets
Armour
 b - a +0 scale mail
 c - a +0 buckler (worn)
 m - a +0 chain mail (worn)
Jewellery
 k - a ring of ice
Wands
 o - a wand of iceblast (10)
Scrolls
 h - a scroll of butterflies
 j - a scroll of identify
 n - a scroll of fear
Potions
 d - a potion of might
 e - a potion of cancellation {unknown}
 f - a potion of curing
 g - 3 potions of attraction {unknown}
 i - a potion of berserk rage {unknown}
 l - 2 potions of brilliance {unknown}


   Skills:
 * Level 4.5 Fighting
 * Level 5.6 Axes
 * Level 5.0 Armour
 * Level 5.3 Shields


You had 6 spell levels left.
You didn't know any spells.
Your spell library contained the following spells:

 Spells                   Type           Power      Damage    Failure   Level
 Stone Arrow              Conj/Erth      0%         3d7       100%        3
 Animate Armour           Summ/Erth      0%         N/A       100%        4
 Lehudib's Crystal Spear  Conj/Erth      0%         10d2      100%        8


Dungeon Overview and Level Annotations

Branches:
Dungeon (4/15)
 Temple: D:4-7

Altars:
Cheibriados
Gozag
Makhleb
Okawaru

Shops:
D:1 [

Annotations:
D:4 3 runed translucent doors, Palms's ghost, amateur MeFi; Pikel; abessonov's ghost, amateur DrTm


Innate Abilities, Weirdness & Mutations

You cannot be hasted, slowed, berserked, paralysed or teleported.
You can dig through walls and to a lower floor.
You have a pair of large antennae on your head. (SInv)
Your four strong arms can wield two-handed weapons with a shield.


Message History

Pikel hits you but does no damage. The lemure hits you. x2
You block the lemure's attack.
You hit Pikel.
Pikel is lightly wounded.
You closely miss the lemure. You hit the lemure but do no damage.
You barely miss the lemure.
Pikel hits you with a +0 whip of electrocution.
The lemure hits you. The lemure hits you but does no damage.
The lemure hits you.
You hit Pikel.
Pikel is lightly wounded.
You hit the lemure but do no damage. You barely miss the lemure. x2
You block Pikel's attack. The lemure hits you.
* * * LOW HITPOINT WARNING * * *
The lemure closely misses you. The lemure hits you.
* * * LOW HITPOINT WARNING * * *
You barely miss Pikel.
Pikel is lightly wounded.
You slash the lemure! You closely miss the lemure. You barely miss the lemure.
Pikel hits you with a +0 whip of electrocution.
* * * LOW HITPOINT WARNING * * *
The lemure hits you but does no damage. The lemure barely misses you.
The lemure hits you but does no damage.
You closely miss Pikel.
Pikel is lightly wounded.
You hit the lemure. You completely miss the lemure. You miss the lemure.
You block Pikel's attack. The lemure hits you.
* * * LOW HITPOINT WARNING * * *
The lemure hits you but does no damage. The lemure barely misses you.
Pikel hits you with a +0 whip of electrocution.
* * * LOW HITPOINT WARNING * * *
The lemure hits you.
* * * LOW HITPOINT WARNING * * *
The lemure hits you but does no damage. The lemure barely misses you.
You slash Pikel!
Pikel is moderately wounded.
You closely miss the lemure. You hit the lemure but do no damage.
You barely miss the lemure. Pikel hits you but does no damage.
You block the lemure's attack. The lemure hits you.
You die...

#........#..#)...#
#........#..#....#
##..###.######'######
###..###.#####..#.....
#..........#........##
#..........#.≈≈≈≈≈≈≈..
#..#..######.≈......≈≈
####..####.#.≈.#####..
#..@5......≈.#....##
#.5K5......≈.#)≈≈≈..
###B..###..≈.#.≈_.≈≈
#...# #..≈ #.≈...≈
.:... #.≈.#... ......
#.≈.##._ .......
#.≈...## .........≈
#.≈≈≈≈.. .≈.#.....≈≈


You could see Pikel, 3 lemures and a giant cockroach.

Vanquished Creatures
  A black bear (D:4)
  A phantom (D:4)
  A lemure (D:4)
  A kobold brigand (D:4)
  A scorpion (D:4)
  A hound (D:4)
  2 iguanas
  Robin (D:3)
  6 adders
  An ufetubus (D:4)
  A worm (D:2)
  3 dart slugs
  3 orcs (D:4)
  5 ball pythons
  5 endoplasms
  3 giant cockroaches
  9 hobgoblins
  7 jackals
  6 kobolds
  4 quokkas
  6 bats
  4 frilled lizards
  17 goblins
  8 rats
97 creatures vanquished.

Notes
Turn   | Place    | Note
-------+----------+-------------------------------------------
     0 | D:1      | GigaChad the Formicid Fighter began the quest for the Orb.
     0 | D:1      | Reached XP level 1. HP: 18/18 MP: 1/1
   239 | D:1      | Reached XP level 2. HP: 23/24 MP: 2/2
   501 | D:1      | Reached XP level 3. HP: 26/30 MP: 3/3
   797 | D:1      | Found Ristrul's Armour Boutique.
  1003 | D:2      | Found a faded altar of an unknown god.
  1027 | D:2      | Prayed at the altar of an unknown god.
  1027 | D:2      | Became a worshipper of Makhleb the Destroyer
  1027 | D:2      | Reached * piety under Makhleb
  1090 | D:2      | Reached XP level 4. HP: 35/37 MP: 4/4
  1686 | D:3      | Reached XP level 5. HP: 42/42 MP: 5/5
  1782 | D:3      | Noticed Robin
  1795 | D:3      | Reached ** piety under Makhleb
  1804 | D:3      | Killed Robin
  2051 | D:3      | Found an iron altar of Okawaru.
  2261 | D:4      | Found a runed translucent gate.
  2262 | D:4      | Found a runed translucent gate.
  2263 | D:4      | Found a runed translucent gate.
  2264 | D:4      | Noticed abessonov's ghost (amateur DrTm)
  2264 | D:4      | Noticed Palms's ghost (amateur MeFi)
  2279 | D:4      | Reached XP level 6. HP: 39/48 MP: 6/6
  2360 | D:4      | Reached skill level 5 in Shields
  2391 | D:4      | Reached skill level 5 in Axes
  2450 | D:4      | Noticed a black bear
  2455 | D:4      | Killed a black bear
  2456 | D:4      | Reached XP level 7. HP: 55/55 MP: 7/7
  2457 | D:4      | Found a snail-covered altar of Cheibriados.
  2468 | D:4      | Found an opulent altar of Gozag.
  2633 | D:4      | Reached skill level 5 in Armour
  2762 | D:4      | Noticed Pikel
  2775 | D:4      | HP: 2/55 [Pikel/+0 whip of electrocution (3)]
  2776 | D:4      | Slain by a lemure

Illustrated notes

Levels and vault maps discovered:
D:1:      scummos_arrival_checkerplants, layout_loops_corners, serial_shops,
          nicolae_shop_peninsula
D:2:      minmay_inner_zag, layout_basic, basic_ecumenical_altar, minivault_25,
          kennysheep_donut
D:3:      layout_basic, mainiacjoe_overflow_alcove_2, uniq_robin
D:4:      layout_gridville, nicolae_overflow_squiral, minmay_temple_entry_mist,
          gammafunk_ghost_cemetery, lexackson_kobold_supper, uniq_pikel

Skill      XL: |  1  2  3  4  5  6  7 |
---------------+----------------------+-----
Axes           | 3 4 5 |  5.6
Fighting       | 4 |  4.5
Armour         | 4 5 |  5.0
Shields        | 5 |  5.3

Action                     |  1- 3 |  4- 6 |  7- 9 || total
---------------------------+-------+-------+-------++-------
  Melee: War axe           |    94 |   122 |    50 ||   266
    Use: Scroll            |     4 |     4 |       ||     8
 Armour: Scale mail        |    46 |    66 |       ||   112
         Chain mail        |       |     5 |    28 ||    33
  Dodge: Dodged            |    33 |    48 |    19 ||   100
  Block: Buckler           |    24 |    27 |    21 ||    72
